 Dungeon Crawl Stone Soup version 0.29-a0-409-gd843f3a48c (webtiles) character file.

Game seed: 336147183780276287

51 croobank the Covert (level 3, -3/35 HPs)
             Began as a Gnoll Delver on May 14, 2022.
             Slain by an ogre
             ... wielding a +0 giant club
              (6 damage)
             ... on level 2 of the Dungeon.
             The game lasted 00:05:39 (1412 turns).

croobank the Covert (Gnoll Delver)                  Turns: 1412, Time: 00:05:39

Health: -3/35      AC: 13    Str: 11    XL:     3   Next: 81%
Magic:  4/4        EV: 11    Int: 11    God:
Gold:   81         SH:  0    Dex: 13    Spells: 4/4 levels left

rFire   . . .      SeeInvis .   a - +0 hand axe
rCold   . . .      Faith    .   (no shield)
rNeg    . . .      Spirit   .   l - +0 ring mail
rPois   .          Reflect  .   (no helmet)
rElec   .          Harm     .   (no cloak)
rCorr   .          Rampage  .   (no gloves)
Will    .....                   (no boots)
Stlth   ++++......              (no amulet)
HPRegen 0.11/turn               q - +4 ring of protection
MPRegen 0.09/turn               p - +4 ring of protection

@: no status effects
A: fangs 1, strong nose, distributed training
a: no special abilities


You were on level 2 of the Dungeon.
You visited 1 branch of the dungeon, and saw 5 of its levels.

You collected 125 gold pieces.
You spent 44 gold pieces at shops.

Inventory:

Hand Weapons
 a - a +0 hand axe (weapon)
 b - a +0 hunting sling
Missiles
 h - 51 stones (quivered)
Armour
 i - a +0 leather armour
 l - a +0 ring mail (worn)
Jewellery
 m - a ring of see invisible
 p - a +4 ring of protection (right hand)
 q - a +4 ring of protection (left hand)
Wands
 g - a wand of digging (3)
Scrolls
 c - a scroll of fog
 e - 2 scrolls of fear
Potions
 f - a potion of haste
 k - a potion of resistance
 n - a potion of might
 o - a potion of curing


   Skills:
 + Level 6.5 Fighting
 + Level 1.0 Short Blades
 + Level 1.0 Long Blades
 + Level 4.6 Axes
 + Level 1.0 Maces & Flails
 + Level 1.0 Polearms
 + Level 1.0 Staves
 + Level 1.0 Slings
 + Level 1.0 Bows
 + Level 1.0 Crossbows
 + Level 1.0 Throwing
 + Level 1.0 Armour
 + Level 4.6 Dodging
 + Level 9.6 Stealth
 + Level 1.0 Shields
 + Level 1.0 Unarmed Combat
 + Level 1.0 Spellcasting
 + Level 0.7 Conjurations
 + Level 0.7 Hexes
 + Level 0.7 Summonings
 + Level 0.7 Necromancy
 + Level 0.7 Translocations
 + Level 0.7 Transmutations
 + Level 0.7 Fire Magic
 + Level 0.7 Ice Magic
 + Level 0.7 Air Magic
 + Level 0.7 Earth Magic
 + Level 0.7 Poison Magic
 + Level 1.0 Invocations
 + Level 1.0 Evocations


You had 4 spell levels left.
You didn't know any spells.
Your spell library was empty.

Dungeon Overview and Level Annotations

Branches:
Dungeon (5/15)
 Temple: D:4-7

Altars:
Elyvilon
Fedhas
Hepliaklqana
Makhleb
Okawaru
Ru

Shops:
D:2 ?


Innate Abilities, Weirdness & Mutations

You have very sharp teeth.
Your uncanny sense of smell can sniff out nearby items.
Your experience applies equally to all skills.


Message History

You open the door.
There is an open door here.
A goblin comes into view. It is wielding a +0 club.
An ogre comes into view. It is wielding a +0 giant club.
The goblin shouts!
Found an inky potion.
The ogre shouts!
You hit the goblin.
You kill the goblin!
You hit the ogre.
The ogre is lightly wounded.
The ogre barely misses you.
Okay, then.
You remove your ring of see invisible.
q - a +4 ring of protection (left hand)
You hit the ogre.
The ogre is moderately wounded.
The ogre completely misses you.
You hit the ogre. You bite the ogre, but do no damage.
The ogre is moderately wounded.
The ogre hits you with a +0 giant club.
You hit the ogre but do no damage. You bite the ogre, but do no damage.
The ogre is moderately wounded.
You hit the ogre.
The ogre is heavily wounded.
The ogre hits you with a +0 giant club!
You hit the ogre.
The ogre is severely wounded.
The ogre closely misses you.
You hit the ogre.
The ogre is severely wounded.
The ogre hits you with a +0 giant club.
You hit the ogre but do no damage.
The ogre is severely wounded.
You hit the ogre.
The ogre is severely wounded.
The ogre hits you with a +0 giant club!
* * * LOW HITPOINT WARNING * * *
The ogre attacks as you move away! The ogre hits you with a +0 giant club.
You die...

#.#.#.#######........###.........
#...>.......'....................
###..####.###........###.........
#..####.##############.........
#....................'.........
#.......####.....#####.........
############.....## #.........
#.........# ###'####+#
#.....@...# #.##.... #.....O...#
#.##.... #.........# #..#....
#.........# ##.#.... #.........#
#...... #.........# ##.....
#.........# ####..... #....!....#
#........ #.....#.#


You could see an ogre.

Vanquished Creatures
  An adder (D:2)
  A worm (D:2)
  A dart slug (D:1)
  3 ball pythons
  5 endoplasms
  2 giant cockroaches (D:1)
  6 goblins
  3 hobgoblins (D:1)
  2 kobolds (D:1)
  A quokka (D:2)
  3 bats
  A frilled lizard (D:1)
  5 rats
34 creatures vanquished.

Vanquished Creatures (others)
  A goblin (D:1)
1 creature vanquished.

Grand Total: 35 creatures vanquished

Notes
Turn   | Place    | Note
-------+----------+-------------------------------------------
     0 | D:5      | Reached skill level 9 in Stealth
     0 | D:5      | croobank the Gnoll Delver began the quest for the Orb.
     0 | D:5      | Reached XP level 1. HP: 23/23 MP: 1/1
     0 | D:5      | Found a burning altar of Makhleb.
     6 | D:5      | Noticed an ice beast
    29 | D:4      | Found a hazy altar of Hepliaklqana.
    30 | D:4      | Found an iron altar of Okawaru.
   226 | D:1      | Found a faded altar of an unknown god.
   303 | D:1      | Reached XP level 2. HP: 29/29 MP: 2/2
   820 | D:1      | Reached XP level 3. HP: 31/35 MP: 3/3
  1054 | D:2      | Reached skill level 1 in Invocations
  1300 | D:2      | Reached skill level 1 in Short Blades
  1300 | D:2      | Reached skill level 1 in Long Blades
  1300 | D:2      | Reached skill level 1 in Maces & Flails
  1300 | D:2      | Reached skill level 1 in Polearms
  1300 | D:2      | Reached skill level 1 in Staves
  1300 | D:2      | Reached skill level 1 in Slings
  1300 | D:2      | Reached skill level 1 in Bows
  1300 | D:2      | Reached skill level 1 in Crossbows
  1300 | D:2      | Reached skill level 1 in Throwing
  1300 | D:2      | Reached skill level 1 in Armour
  1300 | D:2      | Reached skill level 1 in Shields
  1300 | D:2      | Reached skill level 1 in Unarmed Combat
  1300 | D:2      | Reached skill level 1 in Spellcasting
  1300 | D:2      | Reached skill level 1 in Evocations
  1340 | D:2      | Found Beqyrgh's Magic Scroll Shop.
  1345 | D:2      | Bought a scroll of identify for 22 gold pieces
  1345 | D:2      | Bought a scroll of identify for 22 gold pieces
  1397 | D:2      | Noticed an ogre
  1412 | D:2      | Slain by an ogre

Illustrated notes

Levels and vault maps discovered:
D:1:      lemuel_arrival_broad_hall, layout_basic,
          ebering_ecumenical_altar_petrified, minmay_misc_feat_ornament
D:2:      layout_basic, serial_shops, shop
D:3:      layout_basic, kennysheep_slug_shrine, serial_shops, shop, shop,
          uniq_jessica
D:4:      layout_loops_corners, lemuel_round_altar,
          mainiacjoe_overflow_catwalk_spiral, minmay_temple_entry_butterflies,
          minmay_fire_ice_demons
D:5:      layout_gridville, mainiacjoe_overflow_paths,
          grunt_temple_overflow_open, chequers_ossuary_entry_cave

Skill      XL: |  1  2  3 |
---------------+----------+-----
Stealth        | |  9.6
Invocations    | 1 |  1.0
Short Blades   | 1 |  1.0
Long Blades    | 1 |  1.0
Maces & Flails | 1 |  1.0
Polearms       | 1 |  1.0
Staves         | 1 |  1.0
Slings         | 1 |  1.0
Bows           | 1 |  1.0
Crossbows      | 1 |  1.0
Throwing       | 1 |  1.0
Armour         | 1 |  1.0
Shields        | 1 |  1.0
Unarmed Combat | 1 |  1.0
Spellcasting   | 1 |  1.0
Evocations     | 1 |  1.0
Fighting       | |  6.5
Axes           | |  4.6
Dodging        | |  4.6
Conjurations   | |  0.7
Hexes          | |  0.7
Summonings     | |  0.7
Necromancy     | |  0.7
Translocations | |  0.7
Transmutations | |  0.7
Fire Magic     | |  0.7
Ice Magic      | |  0.7
Air Magic      | |  0.7
Earth Magic    | |  0.7
Poison Magic   | |  0.7

Action                   || total
-------------------------++-------
Melee: Hand axe          ||    95
       Bite              ||    10
  Use: Scroll            ||     6
 Stab: Sleeping          ||     8
       Distracted        ||     1
Armor: Leather armour    ||     5
       Ring mail         ||    15
Dodge: Dodged            ||    59

Table legend: (Time is in decaauts)
 A = Elapsed time spent in this place.
 B = Non-inter-level travel time spent in this place.
 C = Inter-level travel time spent in this place.
 D = Time resting spent in this place.
 E = Time spent auto-exploring this place.
 F = Levels seen in this place.
 G = Mean time per level.
                   A        B        C        D        E       F      G
               +--------+--------+--------+--------+--------+-----+--------+
         Total |   1418 |   1359 |     59 |    198 |    729 |   5 |  283.6 |
       Dungeon |   1418 |   1359 |     59 |    198 |    729 |   5 |  283.6 |
               +--------+--------+--------+--------+--------+-----+--------+

Top non-repeatable levels by time:
     D:1: 824 daAuts
     D:2: 501 daAuts
     D:4: 51 daAuts
     D:5: 29 daAuts
     D:3: 11 daAuts
